 Dungeon Crawl Stone Soup version 0.27-a0-1312-g5cdb2b3542 (webtiles) character file.

Game seed: 7105201133431182352

2226 ipx the Frost Mage (level 9, -13/67 HPs)
             Began as a Deep Elf Ice Elementalist on June 19, 2021.
             Was an Initiate of Ashenzari.
             Mangled by a wight (15 damage)
             ... on level 9 of the Dungeon.
             The game lasted 00:43:57 (2796 turns).

ipx the Frost Mage (Deep Elf Ice Elementalist)      Turns: 2796, Time: 00:43:58

Health: -13/67     AC: 12    Str:  5    XL:     9   Next: 14%
Magic:  22/23      EV: 13    Int: 24    God:    Ashenzari [......]
Gold:   236        SH:  5    Dex: 15    Spells: 14/25 levels left

rFire    + . .     SeeInvis .   a - +4 short sword (venom)
rCold    . . .     Faith    .   q - +0 buckler of the Ensconced Comet {Self, Elem} (curse)
rNeg     . . .     Spirit   .   e - +0 leather armour
rPois    .         Reflect  .   (no helmet)
rElec    .         Harm     .   i - +0 cloak
rCorr    .         Rampage  .   (no gloves)
Will     .....                  s - +0 pair of boots
Stlth    ..........             (no amulet)
HPRegen  0.21/turn              f - ring of protection from fire
MPRegen  0.18/turn              (no ring)

@: berserking (expiring), ice-armoured, very quick
A: no striking features
a: Renounce Religion, Shatter the Chains


You were on level 9 of the Dungeon.
You worshipped Ashenzari.
Ashenzari was noncommittal.
You visited 2 branches of the dungeon, and saw 10 of its levels.

You collected 306 gold pieces.
You spent 70 gold pieces at shops.

Inventory:

Hand Weapons
 a - a +4 short sword of venom (weapon)
 b - a +4 hunting sling
Missiles
 c - 8 atropa-tipped darts
 j - 27 stones
 m - 11 sling bullets
 n - 12 poisoned darts (quivered)
Armour
 e - a +0 leather armour (worn)
 i - a +0 cloak (worn)
 q - the cursed +0 buckler of the Ensconced Comet (worn) {Self, Elem}
   (You found it on level 7 of the Dungeon)

   It has a curse which improves the following skills: Introspection: Fighting
   and Spellcasting.
   Elements:  Fire Magic, Ice Magic, Air Magic and Earth Magic.
 s - a +0 pair of boots (worn)
Jewellery
 f - a ring of protection from fire (left hand)
Scrolls
 g - a scroll of brand weapon
 k - a scroll of magic mapping
 l - 2 scrolls of enchant armour
 p - a scroll of fog
 t - a scroll of enchant weapon
Potions
 d - a potion of flight
 r - 3 potions of curing
 u - a potion of brilliance


   Skills:
 + Level 2.3 Short Blades
 - Level 6.0 Dodging
 - Level 5.0 Stealth
 - Level 4.0 Shields
 - Level 8.0(8.5) Spellcasting
 + Level 3.8 Conjurations
 - Level 8.0(8.5) Ice Magic


You had 14 spell levels left.
You knew the following spells:

 Your Spells              Type           Power      Damage    Failure   Level
h - Hailstorm             Conj/Ice       40%        3d10      8%          4
o - Ozocubu's Armour      Ice            50%        N/A       1%          3
r - Frozen Ramparts       Ice            100%       1d12      1%          3
z - Freeze                Ice            100%       1d11      1%          1

Your spell library contained the following spells:

 Spells                   Type           Power      Damage    Failure   Level
 Animate Skeleton         Necr           20%        N/A       11%         1
 Corona                   Hex            11%        N/A       11%         1
 Pain                     Necr           40%        1d6       11%         1
 Slow                     Hex            10%        N/A       16%         2
 Inner Flame              Hex/Fire       10%        N/A       30%         3
 Portal Projectile        Hex/Tloc       20%        N/A       30%         3
 Vampiric Draining        Necr           5%         2d6       30%         3
 Metabolic Englaciation   Hex/Ice        15%        N/A       45%         5
 Iskenderun's Battlesphe  Conj           28%        2d8       50%         5
 Animate Dead             Necr           5%         N/A       71%         4
 Cause Fear               Hex            5%         N/A       71%         4
 Leda's Liquefaction      Hex/Erth       5%         N/A       71%         4
 Bolt of Magma            Conj/Fire/Erth 8%         4d6       86%         5
 Agony                    Necr           10%        N/A       96%         5
 Iron Shot                Conj/Erth      9%         9d3       100%        6
 Orb of Destruction       Conj           14%        9d7       100%        7
 Spellforged Servitor     Conj/Summ      9%         N/A       100%        7


Dungeon Overview and Level Annotations

Branches:
Dungeon (9/15)             Temple (1/1) D:6
   Lair: D:8-11         Orc: D:9-12

Altars:
Ashenzari
Dithmenos
Elyvilon
Fedhas
Gozag
Kikubaaqudgha
Qazlal
Ru
Trog
Uskayaw
Wu Jian
Zin

Shops:
D:4 **   D:6 [

Annotations:
D:4 2 transporters
D:7 Menkaure


Message History

The wolf howls!
The wight closely misses you. You block the troll's attack.
The troll claws you but does no damage. x2; You block the wight's attack.
You puncture the troll!
The troll is lightly wounded.
The troll bites you. The troll claws you. The troll closely misses you.
The wight hits you with a +4 morningstar.
You puncture the troll!
The troll is poisoned.
The troll is moderately wounded.
The wight completely misses you.
A hound comes into view.
The hound barks!
You puncture the troll!
The troll looks as sick as possible!
The troll is severely wounded.
You hear a howl!
The wight hits you with a +4 morningstar.
* * * LOW HITPOINT WARNING * * *
You feel drained. You block the troll's attack. The troll claws you.
* * * LOW HITPOINT WARNING * * *
The troll closely misses you.
You puncture the troll!
The troll looks as sick as possible!
The troll is almost dead.
The wight closely misses you. x2; The troll misses you.
The troll claws you but does no damage. You block the troll's attack.
You closely miss the troll.
The troll is almost dead.
The wight hits you but does no damage. You block the wolf's attack.
You puncture the troll!
You kill the troll!
The wight barely misses you. The wight closely misses you.
The wight barely misses you. The wolf barely misses you.
Your life force feels restored.
Your Short Blades skill increases to level 2!
You puncture the wight!
The wight is heavily damaged.
The wolf barely misses you.
The wight hits you with a +4 morningstar!
* * * LOW HITPOINT WARNING * * *
The wight hits you with a +3 dire flail!
You die...

.8.......≈≈≈≈≈.
.........≈≈≈≈≈.
........≈≈≈≈.≈.
..........≈≈.≈.≈
...........≈...≈≈
.......h..........
......)hz.........
.......@z.........
.......z..........
...............z..
..........z......?
..................
..................
...........<......
...........!......
..................


You could see a wolf, a hound and 4 wights.

Vanquished Creatures
  Pikel (D:7)
  A troll (D:9)
  Sigmund (D:5)
  A necrophage (D:4)
  2 lemures (D:7)
  3 centaurs
  A phantom (D:6)
  Blork the orc (D:5)
  2 bullfrogs
  2 scorpions
  A water moccasin zombie (D:5)
  A wight (D:9)
  A howler monkey (D:4)
  4 hounds
  A bullfrog skeleton (D:5)
  6 jellies
  A centaur skeleton (D:5)
  An orc wizard (D:5)
  A scorpion zombie (D:5)
  3 gnolls (D:5)
  11 adders
  3 white imps
  A dart slug (D:1)
  4 orcs
  3 endoplasms
  2 giant cockroaches
  2 goblins
  6 hobgoblins
  3 jackals (D:5)
  A kobold (D:3)
  2 quokkas
  4 ball pythons
  2 bats (D:3)
  A frilled lizard (D:2)
  3 rats (D:2)
83 creatures vanquished.

Vanquished Creatures (others)
  6 plants (D:4)
6 creatures vanquished.

Grand Total: 89 creatures vanquished

Notes
Turn   | Place    | Note
-------+----------+-------------------------------------------
     0 | D:1      | ipx the Deep Elf Ice Elementalist began the quest for the
                  | Orb.
     0 | D:1      | Reached XP level 1. HP: 10/10 MP: 6/6
   227 | D:2      | Reached XP level 2. HP: 15/15 MP: 6/8
   349 | D:2      | Reached skill level 5 in Ice Magic
   440 | D:2      | Reached XP level 3. HP: 19/19 MP: 9/9
   872 | D:4      | Learned a level 3 spell: Frozen Ramparts
  1003 | D:4      | Found Ynkogg's General Store.
  1010 | D:4      | Found Gett's Specific Store.
  1022 | D:4      | Bought a scroll of teleportation for 42 gold pieces
  1031 | D:4      | Reached XP level 4. HP: 12/24 MP: 6/10
  1035 | D:4      | Learned a level 3 spell: Ozocubu's Armour
  1053 | D:4      | Bought a scroll of identify for 28 gold pieces
  1089 | D:4      | Found a transporter.
  1094 | D:4      | Found a transporter.
  1115 | D:4      | Identified the +0 spear of Springtime {venom, rElec Dex+6}
  1161 | D:4      | Found an opulent altar of Gozag.
  1238 | D:4      | Noticed a necrophage
  1255 | D:4      | Killed a necrophage
  1256 | D:4      | Reached XP level 5. HP: 18/28 MP: 7/11
  1304 | D:5      | Entered Level 5 of the Dungeon
  1343 | D:5      | Reached skill level 5 in Stealth
  1343 | D:5      | Reached XP level 6. HP: 22/32 MP: 9/12
  1672 | D:5      | Noticed Blork the orc
  1679 | D:5      | Killed Blork the orc
  1680 | D:5      | Reached XP level 7. HP: 29/36 MP: 12/15
  1709 | D:5      | Noticed Sigmund
  1716 | D:5      | Killed Sigmund
  1717 | D:5      | Reached skill level 5 in Spellcasting
  1805 | D:6      | Found a staircase to the Ecumenical Temple.
  1821 | D:6      | Found a blossoming altar of Fedhas.
  1826 | D:6      | Reached skill level 5 in Dodging
  1848 | D:6      | You fall into a shaft and drop 3 floors!
  1851 | D:9      | Noticed a troll
  2012 | D:7      | Found a shadowy altar of Dithmenos.
  2053 | D:7      | Found a sacrificial altar of Ru.
  2079 | D:7      | Reached skill level 1 in Shields
  2079 | D:7      | Reached XP level 8. HP: 20/41 MP: 15/19
  2103 | D:7      | Noticed Menkaure
  2271 | Temple   | Entered the Ecumenical Temple
  2333 | Temple   | Became a worshipper of Ashenzari the Shackled
  2379 | D:6      | Found Lareamuk's Armour Boutique.
  2547 | D:7      | Learned a level 4 spell: Hailstorm
  2575 | D:7      | Noticed Pikel
  2586 | D:7      | Killed Pikel
  2622 | D:8      | Noticed a two-headed ogre
  2682 | D:8      | Reached skill level 1 in Short Blades
  2682 | D:8      | Reached XP level 9. HP: 27/45 MP: 16/23
  2795 | D:9      | Killed a troll
  2796 | D:9      | HP: 2/67 [wight (16)]
  2796 | D:9      | Mangled by a wight

Illustrated notes

Levels and vault maps discovered:
D:1:      nagdon_arrival_zigzag_paths, layout_loops_corners, serial_aquarium,
          aquarium_bridge_square [aquarium_subvault_wall,
          aquarium_subvault_bridge, aquarium_subvault_balcony,
          aquarium_subvault_wall], aquarium_window_corner,
          aquarium_window_double, aquarium_window_3, aquarium_view_2d,
          aquarium_view_2b, aquarium_balcony_3b, st_stairs_14
D:2:      layout_rooms, grunt_decor_cap, minmay_misc_feat_ornament
D:3:      minmay_general_purpose_star, layout_basic
D:4:      layout_loops_ring, grunt_gozag_breadcrumbs,
          gammafunk_ghost_gnarly_gnolls, kennysheep_big_empty_room,
          nicolae_specific_store, minivault_27, grunt_ministairs_13
D:5:      layout_loops_corners, serial_shops, shop_scrolls, moated_statue,
          uniq_blork_the_orc, uniq_sigmund
D:6:      layout_basic, fedhas_altar_1, temple_pool_b, serial_shops, shop
D:7:      layout_gridville, grunt_temple_overflow_lords_of_destruction,
          overflow_temple_1_default, old_standard_altar, uniq_pikel,
          uniq_menkaure
D:8:      cheibrodos_helix_gallery, layout_layer_cave, hangedman_decor_lopped
D:9:      layout_layer_cave, lemuel_crystal_altar, erik_lair_island,
          serial_shops, nicolae_stop_n_shop_1, kennysheep_little_box,
          nicolae_square_shop, nicolae_take_the_stairs, nicolae_take_the_stairs
Temple:   dpeg_chambers_temple

Skill      XL: |  1  2  3  4  5  6  7  8  9 |
---------------+----------------------------+-----
Stealth        | 3 4 5 |  5.0
Ice Magic      | 5 6 7 8 |  8.0
Dodging        | 3 5 6 |  6.0
Spellcasting   | 4 6 8 |  8.0
Shields        | 1 4 |  4.0
Conjurations   | 3 |  3.8
Short Blades   | 1 2 |  2.3

Action                   |  1- 3 |  4- 6 |  7- 9 || total
-------------------------+-------+-------+-------++-------
Melee: Short sword       |    22 |    39 |    67 ||   128
 Fire: Hunting sling     |    14 |    13 |    29 ||    56
Throw: Dart              |       |       |     5 ||     5
 Cast: Freeze            |    24 |     6 |    19 ||    49
       Frozen Ramparts   |       |     9 |    10 ||    19
       Ozocubu's Armour  |       |     1 |    13 ||    14
Invok: Curse Item        |       |       |     1 ||     1
  Use: Scroll            |     2 |     4 |     4 ||    10
       Potion            |       |     3 |     2 ||     5
 Stab: Sleeping          |     1 |     2 |       ||     3
Armor: Leather armour    |     5 |    12 |    43 ||    60
Dodge: Dodged            |    16 |    20 |    81 ||   117
Block: Buckler           |       |       |    19 ||    19

Table legend: (Time is in decaauts)
 A = Elapsed time spent in this place.
 B = Non-inter-level travel time spent in this place.
 C = Inter-level travel time spent in this place.
 D = Time resting spent in this place.
 E = Time spent auto-exploring this place.
 F = Levels seen in this place.
 G = Mean time per level.
                   A        B        C        D        E       F      G
               +--------+--------+--------+--------+--------+-----+--------+
         Total |   2852 |   2852 |      0 |      0 |      0 |  10 |  285.2 |
       Dungeon |   2763 |   2763 |      0 |      0 |      0 |   9 |  307.0 |
        Temple |     88 |     88 |      0 |      0 |      0 |   1 |   88.0 |
               +--------+--------+--------+--------+--------+-----+--------+

Top non-repeatable levels by time:
     D:5: 488 daAuts
     D:3: 440 daAuts
     D:4: 375 daAuts
     D:7: 347 daAuts
     D:8: 332 daAuts
     D:2: 276 daAuts
     D:6: 272 daAuts
     D:1: 211 daAuts
  Temple: 88 daAuts
     D:9: 19 daAuts
